[Event "Late-Titled-Tuesday-Blitz-June-04-2024"]
[Site "Chess.com"]
[Date "2024.06.04"]
[Round "11"]
[White "Lavandum24"]
[Black "glucolisis04"]
[Result "0-1"]
[WhiteElo "1919"]
[BlackElo "2268"]
[TimeControl "180+1"]
[EndTime "16:06:35 PDT"]
[Termination "glucolisis04 won on time"]

1. d4 Nf6 2. c4 e6 3. Nc3 d5 4. Nf3 Be7 5. cxd5 exd5 6. Bg5 c6 7.
e3 Bf5 8. Bd3 Bxd3 9. Qxd3 Nbd7 10. O-O O-O 11. a3 a5 12. Rab1 Ne4 13. Bxe7 Qxe7 14.
Nd2 Ndf6 15. f3 Nxd2 16. Qxd2 Rfe8 17. Rfe1 c5 18. Kh1 c4 19. e4 dxe4 20. fxe4 Rad8 21. d5 Ng4 22. Qf4 Ne5 23. Rf1 Rd6 24. Qd2 Rh6 25.
Kg1 Qh4 26. g3 Qh3 27. Qg2 Qxg2+ 28. Kxg2 Ng4 29. Rh1 Rb6 30. h3 Ne5 31. Rhd1 Nd3 32. b3 Ne5 33. bxc4 Rxb1 34. Rxb1 Nxc4 35. Rxb7 Nxa3 36.
d6 Rd8 37. d7 Kf8 38. Nd5 Nc4 39.
Rc7 f6 40. Rc8 Ne3+ 41. Nxe3 Ke7 42. Rxd8 Kxd8 43. Nc4 Kxd7 44. Nxa5 Kd6 45. Nc4+ Kc5 46. Nd2 Kd4 47. Kf3 Kd3 48. Nf1 g6 49. Ne3 Kd4 0-1

[Event "Late-Titled-Tuesday-Blitz-June-04-2024"]
[Site "Chess.com"]
[Date "2024.06.04"]
[Round "11"]
[White "Duhless"]
[Black "Oleksandr_Bortnyk"]
[Result "1/2-1/2"]
[WhiteElo "3114"]
[BlackElo "3062"]
[TimeControl "180+1"]
[EndTime "16:06:39 PDT"]
[Termination "Game drawn by stalemate"]

1. e4 Nf6 2. e5 Nd5 3. d4 d6 4. Nf3 dxe5 5. Nxe5 c6 6. Be2 Bf5 7. O-O Nd7 8. Nf3 e6 9. c4 N5f6 10. Nc3 Bd6 11. Nh4 Bg6 12. g3 O-O 13. Be3 e5 14. d5 Bc5 15. Nxg6 hxg6 16. Qd2 Bxe3 17. Qxe3 cxd5 18. cxd5 Qb6 19. Qxb6 Nxb6 20. Rfd1 Rfd8 21. Rac1 Nbxd5 22. Nxd5 Nxd5 23. Bf3 Nf6 24. Rc7 Rxd1+ 25. Bxd1 Rd8 26. Ba4 Rd4 27. Bb5 a6 28. Bc4 Rd7 29. Rc5 Rd1+ 30. Kg2 Rd2 31. Rxe5 Rxf2+ 32. Kxf2 Ng4+ 33.
Ke2 Nxe5 34. Bd5 b6 35. Ke3 Kf8 36. Kd4 f6 37. b4 Ke7 38. Bb7 Kd6 39. Bxa6 Nf3+ 40.
Ke3 Nxh2 41. Be2 g5 42. Kf2 f5 43. a4 g4 44. Ke3 g5 45. Bd3 Ke5 46. Bxf5 Kxf5 47.
a5 bxa5 48. bxa5 Nf3 49. a6 Ne5 50. a7 Nc4+ 51. Kd4 Nb6 52. Kc5 Na8 53. Kd5 Kf6 54. Kd6 Kf5 55. Kd7 Kf6 56. Kc8 Ke7 57. Kb7 Kd7 58. Kxa8 Kc8 1/2-1/2

[Event "Late-Titled-Tuesday-Blitz-June-04-2024"]
[Site "Chess.com"]
[Date "2024.06.04"]
[Round "11"]
[White "Zhigalko_Sergei"]
[Black "Rud_Makarian"]
[Result "1-0"]
[WhiteElo "2928"]
[BlackElo "2982"]
[TimeControl "180+1"]
[EndTime "16:06:43 PDT"]
[Termination "Zhigalko_Sergei won on time"]

1. e4 c5 2. c3 d5 3. exd5 Qxd5 4. d4 Nf6 5. Nf3 e6 6. Bd3 Nc6 7. O-O Be7 8. Be3 O-O 9. a3 Rd8 10. Nbd2 cxd4 11. cxd4 b6 12. Qe2 Bb7 13. Rfe1 Rac8 14. Rad1 h6 15. h3 Bf8 16. Nc4 Ne7 17. Nce5 Qd6 18.
Bf4 Ned5 19. Bh2 Qe7 20. Bb1 Qe8 21. Qd3 Qa4 22. Nxf7 Kxf7 23. Rxe6 Kg8 24. Rde1 Re8 25. Rxe8 Rxe8 26. Be5 Qd7 27. Nh4 Qf7 28. Nf5 Bc8 29. Qg3 Bxf5 30. Bxf5 Nh5 31. Qf3 Nhf6 32. Rc1 Qe7 33.
Bg6 Rd8 34. Bf5 Qf7 35. Qg3 Ne7 36. Bb1 Ned5 37. Qf3 Ne7 38. Bc2 Nfd5 39. Qg3 Nf5 40. Qg4 Nfe7 41. Bb3 Qf5 42. Qg3 Qe4 43. Kh2 Qg6 44.
Qf3 Qf7 45. Qe2 Kh7 46. Re1 Qg6 47. Bc2 Nf5 48. g4 Nde7 49. gxf5 1-0

[Event "Late-Titled-Tuesday-Blitz-June-04-2024"]
[Site "Chess.com"]
[Date "2024.06.04"]
[Round "11"]
[White "alexrustemov"]
[Black "Maus7"]
[Result "0-1"]
[WhiteElo "2788"]
[BlackElo "2583"]
[TimeControl "180+1"]
[EndTime "16:06:46 PDT"]
[Termination "Maus7 won by checkmate"]

1. d4 Nf6 2. Bg5 e6 3. e3 c5 4. Nd2 b6 5. c3 Be7 6. f4 O-O 7. Bd3 Ba6 8. Bxa6 Nxa6 9. Ngf3 d6 10. Qe2 Nc7 11. e4 cxd4 12. cxd4 Qd7 13. O-O Rfc8 14. Rfc1 Qb5 15. Qxb5 Nxb5 16. a4 Nc7 17. Rc6 Na6 18. Rac1 Re8 19. Bxf6 gxf6 20. R6c3 Nb4 21. Rb3 a5 22. Rc7 d5 23. Rbc3 dxe4 24. Nxe4 Nd5 25. R3c6 Nxc7 26. Rxc7 f5 27. Neg5 h6 28. Nh3 Rac8 29.
Rb7 Rb8 30. Ra7 Bf6 31. Ne5 Bxe5 32. dxe5 Rec8 33. Kf2 Rc2+ 34. Kg3 Rxb2 35. Ng1 Rb4 36. Nf3 Rxa4 37. h3 b5 38. Kh4 Rxf4+ 39. Kh5 b4 40. Kxh6 Rxf3 41. gxf3 b3 42. Kg5 Kg7 43. h4 b2 44. h5 b1=Q 45. h6+ Kh8 46. Rxf7 f4 47. h7 Qxh7 48. Kf6 Qxf7+ 49. Kxf7 a4 50. Kxe6 a3 51. Kf7 a2 52. e6 a1=Q 53. e7 Qa2+ 54. Kf6 Qa4 55.
Kf7 Qe8+ 56. Kf6 Rb6+ 57. Kf5 Qxe7 58. Kg4 Rg6+ 59. Kf5 Rf6+ 60. Kg4 Qg7+ 61. Kh3 Rh6# 0-1

[Event "Late-Titled-Tuesday-Blitz-June-04-2024"]
[Site "Chess.com"]
[Date "2024.06.04"]
[Round "11"]
[White "Rodalquilar"]
[Black "bazar-wokzal"]
[Result "1/2-1/2"]
[WhiteElo "2773"]
[BlackElo "2602"]
[TimeControl "180+1"]
[EndTime "16:06:51 PDT"]
[Termination "Game drawn - insufficient material"]

1. d4 Nf6 2. Nf3 e6 3. Bf4 c5 4. e3 b6 5. Nbd2 Bb7 6. h3 Be7 7. c3 d6 8. Bh2 Nbd7 9. Bd3 h6 10.
a4 Qc7 11. Qe2 g5 12. e4 cxd4 13. cxd4 Rc8 14. e5 Nd5 15. Nc4 dxe5 16. Nfxe5 Bb4+ 17. Kf1 Nf4 18. Bxf4 gxf4 19. f3 Nxe5 20. Nxe5 Qd6 21. Be4 Bxe4 22. Qxe4 Bd2 23. Qd3 Be3 24. Nc4 Qd5 25.
Nxe3 fxe3 26. Qxe3 Rc2 27. Re1 Rg8 28. Re2 Qc4 29.
Rg1 Rxb2 30. Kf2 Rxe2+ 31. Qxe2 Qxd4+ 32. Qe3 Qxa4 33. Qxh6 Qd4+ 34. Qe3 Qxe3+ 35. Kxe3 Ke7 36. g4 Rb8 37. Kd4 a5 38. Ra1 Rd8+ 39. Kc4 Rd5 40.
h4 b5+ 41. Kc3 b4+ 42. Kc4 Kf6 43. h5 Kg5 44. Rh1 Kh6 45. f4 Rd2 46. g5+ Kh7 47.
Rf1 Rc2+ 48. Kb5 Ra2 49. f5 exf5 50. Rxf5 Kg7 51. h6+ Kg6 52. Rf6+ Kxg5 53. Rxf7 Kxh6 54. Rf3 Kg5 55. Kc4 Kg4 56. Rd3 Kf4 57. Rd8 Ke3 58. Rh8 Ra3 59. Rh3+ Kd2 60. Rxa3 bxa3 61. Kb3 a2 62.
Kxa2 Kc3 63. Ka3 a4 64. Kxa4 1/2-1/2

[Event "Late-Titled-Tuesday-Blitz-June-04-2024"]
[Site "Chess.com"]
[Date "2024.06.04"]
[Round "11"]
[White "osh1ro"]
[Black "bubeliang"]
[Result "0-1"]
[WhiteElo "2644"]
[BlackElo "2855"]
[TimeControl "180+1"]
[EndTime "16:06:52 PDT"]
[Termination "bubeliang won on time"]

1. d4 d5 2. c4 e6 3. Nf3 Nf6 4. Nc3 dxc4 5. e3 a6 6. a4 b6 7. Bxc4 Bb7 8. O-O Be7 9. Qe2 O-O 10. Rd1 Ne4 11. Bd2 Nd7 12. Nxe4 Bxe4 13. Bc3 Qc8 14. d5 exd5 15. Bxd5 Bxd5 16. Rxd5 Bf6 17. Rad1 Bxc3 18. Rxd7 Bf6 19. Qc2 c5 20. b3 b5 21.
e4 Re8 22. h3 c4 23. bxc4 Qxc4 24. Qxc4 bxc4 25. Rc7 Rxe4 26. Rdd7 c3 27. g4 h6 28.
a5 Ra4 29. Rd5 Rb8 30. Ne5 Rb5 31. Rc8+ Kh7 32. Nd7 Be7 33. Rxb5 axb5 34. Rxc3 Rxa5 35. Re3 Bd6 36. Rd3 Ra6 37. Rf3 f6 38. h4 Kg8 39.
g5 fxg5 40. hxg5 hxg5 41. Rf5 b4 42. Rb5 Kf7 43. Nb8 Ra1+ 44. Kg2 Rb1 45. Nc6 g4 46. Nd4 Rd1 47. Nf5 Bf8 48. Ne3 Rd4 49. Kg3 Bd6+ 50. Kg2 Ke6 51. Nc2 Rd2 52. Nxb4 g3 53. Nc6 Rxf2+ 54.
Kg1 Rd2 55. Nb4 Bf4 56. Rb6+ Kf5 57. Rb5+ Kg4 58. Nd5 Be5 59. Ne3+ Kf4 60. Nf1 Bd4+ 0-1

[Event "Late-Titled-Tuesday-Blitz-June-04-2024"]
[Site "Chess.com"]
[Date "2024.06.04"]
[Round "11"]
[White "arctic_t00"]
[Black "sokidze"]
[Result "0-1"]
[WhiteElo "2647"]
[BlackElo "2792"]
[TimeControl "180+1"]
[EndTime "16:06:52 PDT"]
[Termination "sokidze won by resignation"]

1. Nf3 d5 2. g3 c5 3. Bg2 Nc6 4.
O-O e5 5. d3 Be7 6. e4 d4 7. a4 g5 8. c3 Be6 9. cxd4 cxd4 10. a5 f6 11. a6 b6 12. Na3 Nh6 13. Nh4 O-O 14. Qh5 Kg7 15. Nf5+ Nxf5 16. exf5 Bf7 17. Qf3 Rc8 18. Nb5 Qd7 19. h4 h6 20. Bd2 Nb8 21. Qb7 Qxb5 22. Qxe7 Nc6 23. Qb7 Kg8 24. hxg5 hxg5 25. Rac1 Bd5 26. Qd7 Rfd8 27.
Bxd5+ Qxd5 28. Qxd5+ Rxd5 29. b4 Rdd8 30. Rc2 Ne7 31. Rfc1 Rxc2 32. Rxc2 Rc8 33. Rxc8+ Nxc8 34. f4 gxf4 35. gxf4 Nd6 36. fxe5 fxe5 37. Bg5 Nxf5 38. Bd8 Nd6 39. Bxb6 Nb5 40. Bc5 Kf7 41. Kg2 Ke6 42. Kf3 Kd5 43. Kg4 e4 44. dxe4+ Kxe4 45. Be7 d3 46. Bg5 Nd4 47. Kg3 Ne6 48. Bd2 Nc7 49. Be1 Nxa6 50. Kf2 Nc7 51. Bd2 Nb5 52. Be1 Kd4 53.
Bd2 Kc4 54. Ke3 Nc7 55. Bc1 Nd5+ 56. Kd2 Nxb4 57. Bb2 a5 58. Ba3 a4 59. Bb2 Kb3 60. Ba3 Kxa3 61. Kc3 Ka2 62. Kxb4 d2 63. Kxa4 d1=Q+ 64.
Kb5 Qb3+ 65. Kc6 Qc4+ 0-1

[Event "Late-Titled-Tuesday-Blitz-June-04-2024"]
[Site "Chess.com"]
[Date "2024.06.04"]
[Round "11"]
[White "Larax"]
[Black "ManMish2"]
[Result "1-0"]
[WhiteElo "2549"]
[BlackElo "2637"]
[TimeControl "180+1"]
[EndTime "16:06:52 PDT"]
[Termination "Larax won by checkmate"]

1. e4 e5 2. Nf3 Nc6 3. Bb5 a6 4. Ba4 Nf6 5. O-O Nxe4 6. d4 b5 7. Bb3 d5 8. dxe5 Be6 9. Qe2 Bc5 10. Be3 O-O 11. Rd1 Bxe3 12. Qxe3 f6 13. Nbd2 Nxd2 14.
Rxd2 fxe5 15. Nxe5 Qd6 16. Nxc6 Qxc6 17. Qxe6+ Qxe6 18.
Bxd5 Qxd5 19. Rxd5 Rae8 20. Kf1 Kf7 21. a4 c6 22. Rd6 Re6 23. Rxe6 Kxe6 24. axb5 axb5 25. Ra7 Rd8 26. Ke2 Kf6 27. Rc7 Rd6 28. Ke3 h5 29. h4 g6 30. f3 Ke5 31. g4 hxg4 32. fxg4 Re6 33. Rf7 c5 34. Kf3 b4 35. g5 b3 36.
cxb3 Rb6 37. Kg4 Rb4+ 38. Kg3 Rxb3+ 39. Kg4 Rb4+ 40. Kh3 Rxb2 41. Rf6 Rb3+ 42. Kg4 Rb4+ 43. Kg3 Rb3+ 44. Kf2 Rh3 45. Rxg6 Rxh4 46. Rf6 Rg4 47.
Rc6 Kd5 48. Rf6 Rxg5 49. Ke3 Rg6 50. Rxg6 Kc4 51. Kd2 Kb4 52. Kc1 Kc3 53. Rg4 c4 54.
Rg3+ Kd4 55. Kc2 Ke4 56. Kc3 Kf4 57. Rg1 Kf3 58. Ra1 Kf2 59. Ra4 Ke3 60. Rxc4 Kf3 61. Rd4 Ke2 62. Rd8 Ke3 63. Re8+ Kf4 64. Kd4 Kf5 65. Kd5 Kf4 66. Re7 Kf3 67. Kd4 Kg4 68. Rf7 Kg5 69. Ke5 Kg6 70. Rf2 Kg5 71. Rg2+ Kh4 72.
Kf5 Kh3 73. Rg8 Kh4 74. Rg7 Kh3 75. Kf4 Kh4 76. Rh7# 1-0

[Event "Late-Titled-Tuesday-Blitz-June-04-2024"]
[Site "Chess.com"]
[Date "2024.06.04"]
[Round "11"]
[White "HajiyevKanan"]
[Black "jk13"]
[Result "0-1"]
[WhiteElo "2517"]
[BlackElo "2680"]
[TimeControl "180+1"]
[EndTime "16:06:58 PDT"]
[Termination "jk13 won by checkmate"]

1. d4 Nf6 2. Nf3 e6 3. c4 Bb4+ 4. Bd2 Bxd2+ 5. Qxd2 O-O 6. Nc3 d5 7. cxd5 exd5 8. e3 Bf5 9. Bd3 Bxd3 10. Qxd3 c6 11.
O-O Nbd7 12. Rab1 a5 13. Qc2 Re8 14. Rfc1 Qe7 15. Qf5 g6 16. Qg5 Kg7 17. Nh4 Kh8 18. h3 Nb6 19. Nf3 Nc4 20. b3 Nd6 21. Ne5 Kg7 22. Rb2 Qe6 23. Rbc2 Nd7 24. Nxd7 Qxd7 25. Na4 Ne4 26. Qh4 Qd6 27. Nc5 Re7 28. Nxe4 Rxe4 29. g4 h5 30. Kg2 Rh8 31. Qg3 Qe6 32. Kf3 hxg4+ 33. hxg4 Rxg4 34. Qxg4 Rh3+ 35. Qxh3 Qxh3+ 36. Ke2 Qg4+ 37. Kf1 Kf6 38. b4 axb4 39. Rb2 Qe4 40. Ke2 Qg4+ 41. Kf1 Qf3 42. Rcc2 g5 43. Rxb4 Qd1+ 44.
Kg2 Qxc2 45. Rxb7 Qxa2 46. Rb6 Qc2 47. Kg3 Kg6 48. Ra6 f5 49. Ra8 f4+ 50. exf4 gxf4+ 51. Kxf4 Qe4+ 52. Kg3 Qxd4 53. Ra6 Qc3+ 54. f3 Kf5 55. Ra8 Qg7+ 56. Kf2 d4 57. Ra5+ Kf4 58. Ra3 Qg3+ 59. Ke2 Qg2+ 60. Ke1 Qb2 61. Ra8 Ke3 62.
Re8+ Kd3 63. Kf1 c5 64. Re1 c4 65. Rd1+ Ke3 66. Kg1 d3 67. Rf1 Kf4 68. Rf2 Qd4 69. Kg2 Qg7+ 70. Kf1 Qg3 71. Ke1 Ke3 72. Kd1 Qxf2 73.
Kc1 c3 74. f4 Kd4 75. f5 Ke5 76. f6 Kxf6 77. Kb1 Ke6 78. Ka1 Kd7 79. Kb1 Kc6 80. Ka1 Kb5 81. Kb1 Ka4 82. Ka1 Kb3 83. Kb1 d2 84. Ka1 d1=Q# 0-1

[Event "Late-Titled-Tuesday-Blitz-June-04-2024"]
[Site "Chess.com"]
[Date "2024.06.04"]
[Round "11"]
[White "ImportedItalianMaple"]
[Black "GMTalks_Youtube"]
[Result "1/2-1/2"]
[WhiteElo "2582"]
[BlackElo "2730"]
[TimeControl "180+1"]
[EndTime "16:07:00 PDT"]
[Termination "Game drawn by repetition"]

1. e4 e5 2. Nc3 Nf6 3. Bc4 Nc6 4. d3 Na5 5. Nf3 Nxc4 6. dxc4 d6 7. Qe2 Be7 8. Be3 c6 9. O-O-O Qa5 10. h3 Be6 11.
Kb1 Qb4 12. Nd2 O-O 13. a3 Qa5 14. g4 Rfe8 15. Nb3 Qc7 16. f4 exf4 17. Bxf4 b6 18. Qd3 Rad8 19. Nd4 Bf8 20. Nf5 Bxf5 21. exf5 Qd7 22.
Qf3 d5 23. cxd5 Nxd5 24. Nxd5 cxd5 25. Rd3 Qa4 26. Rhd1 Rc8 27. R3d2 Qe4 28. Qxe4 dxe4 29. Re1 h5 30. Rde2 hxg4 31. hxg4 Rc4 32. b3 Rc3 33.
Rxe4 Rxe4 34. Rxe4 Bxa3 35. Re8+ Kh7 36. Ra8 a5 37. Be5 Re3 38. Bb2 Bc5 39. f6 gxf6 40.
Bxf6 Kg6 41. g5 Kf5 42. Ra7 Re1+ 43. Kb2 Kg6 44. Rc7 Re6 45. c3 Re2+ 46. Kb1 Ba3 47. c4 Bc5 48. Rc6 Kf5 49. Kc1 Rg2 50. Kd1 Be3 51. Ke1 Bxg5 52. Bxg5 Kxg5 53. Rxb6 Rb2 54. Rb5+ Kf4 55. Rxa5 Rxb3 56. Kf1 f5 57. c5 Rc3 58. Ra4+ Kf3 59. Ke1 Rxc5 60. Ra3+ Kf4 61. Kf2 Kg4 62. Kg2 Rc2+ 63. Kf1 f4 64. Kg1 Rb2 65. Kf1 Rb1+ 66. Kf2 Rb2+ 67. Kf1 Rb4 68. Kf2 Rb1 69. Kg2 Rb2+ 70.
Kf1 1/2-1/2

[Event "Late-Titled-Tuesday-Blitz-June-04-2024"]
[Site "Chess.com"]
[Date "2024.06.04"]
[Round "11"]
[White "frederiksvane"]
[Black "MITerryble"]
[Result "0-1"]
[WhiteElo "2905"]
[BlackElo "3038"]
[TimeControl "180+1"]
[EndTime "16:07:04 PDT"]
[Termination "MITerryble won by checkmate"]

1. c4 e5 2. d3 Nc6 3. Nf3 g6 4. Nc3 Bg7 5. g3 d6 6. Bg2 f5 7.
O-O h6 8. Rb1 Nge7 9. Bd2 Be6 10.
b4 Qd7 11. b5 Nd8 12. a4 O-O 13. a5 Rc8 14. Qa4 b6 15. e3 g5 16. d4 g4 17. Ne1 e4 18. h4 gxh3 19. Bxh3 Qe8 20. Ng2 Ng6 21. Nf4 Nxf4 22. gxf4 Kh7 23. Kh2 Qh5 24.
d5 Bd7 25. Qd1 Qh4 26. Ne2 Nf7 27. Ng3 Ng5 28. fxg5 f4 29. g6+ Kh8 30. Kg1 fxg3 31. fxg3 Qxh3 32. Qe2 Qxg3+ 33. Qg2 Qh4 34. Rf7 Bh3 35. Qh2 Qg4+ 36. Kh1 Rxf7 37. gxf7 Qf3+ 38. Kg1 Be5 39. Qf2 Rf8 40. Qxf3 exf3 41. Kf2 Rxf7 42. axb6 axb6 43. Rh1 Bg2 44. Rxh6+ Kg7 45. Rh4 Kg6 46. Rg4+ Kf5 47. Rh4 Rg7 48. e4+ Kf6 49. Rh6+ Kf7 50.
Be3 Bg3+ 51. Kg1 Be5 52. Kf2 Rg4 53. Rh7+ Bg7 54. Bd4 Kg8 55. Rxg7+ Rxg7 56. Bxg7 Kxg7 57. e5 Kf7 58. c5 dxc5 59. Ke3 Ke7 60. Kd2 Bh3 61.
Ke3 Bg4 62. Kf2 Bh5 63. Ke3 Bf7 64. d6+ cxd6 65. e6 Bxe6 66. Kf2 Bd7 67. Ke3 Bxb5 68.
Kd2 Bc6 69. Ke3 Kd7 70. Kf2 Kc7 71. Ke3 b5 72. Kd2 b4 73. Ke3 Kb6 74. Kf2 Kb5 75.
Ke3 b3 76. Kd2 b2 77. Ke3 b1=Q 78. Kf4 Qe4+ 79. Kg5 f2 80. Kf6 f1=Q+ 81. Kg7 Qeg2+ 82. Kh6 Qfh1# 0-1

[Event "Late-Titled-Tuesday-Blitz-June-04-2024"]
[Site "Chess.com"]
[Date "2024.06.04"]
[Round "11"]
[White "NajdorfPlayerc5"]
[Black "ChEsper99"]
[Result "0-1"]
[WhiteElo "2430"]
[BlackElo "2280"]
[TimeControl "180+1"]
[EndTime "16:07:06 PDT"]
[Termination "ChEsper99 won by checkmate"]

1. e4 c5 2. Nf3 d6 3. d4 cxd4 4.
Nxd4 Nf6 5. Nc3 a6 6. Be3 e5 7. Nb3 Be7 8. f3 Be6 9. Qd2 O-O 10. O-O-O Nbd7 11. g4 b5 12. g5 Nh5 13. Nd5 Bxd5 14.
exd5 f5 15. gxf6 Bxf6 16. Bd3 Nb6 17. Kb1 Nc4 18. Bxc4 bxc4 19. Na5 c3 20. Qxc3 e4 21. Qa3 exf3 22. Rhf1 Qd7 23. Rxf3 Rab8 24. Nc4 Qb5 25. Qb3 Qd7 26. Qd3 Qg4 27. Rdf1 Rfc8 28. b3 Qxc4 29. Qf5 Qc3 30. Kc1 Qa1+ 31. Kd2 Qc3+ 32. Kc1 Qb2+ 33. Kd2 Qxa2 34. Qxh5 Rxc2+ 35. Kd3 Qxb3+ 36. Ke4 Qc4+ 37. Kf5 Qxd5+ 38. Kg4 Rg2+ 39. Kh3 Qxh5+ 40. Kxg2 Rb2+ 41.
R3f2 Rxf2+ 42. Rxf2 Qg4+ 43. Kf1 Be5 44. Rg2 Qf3+ 45.
Bf2 Qd1+ 46. Be1 Bc3 47. Re2 Qxe1+ 48. Rxe1 Bxe1 49. Kxe1 Kf7 50. Kd2 Kg6 51. Kd3 Kh5 52.
Kd4 Kh4 53. Kd5 a5 54. Kxd6 a4 55. Ke7 a3 56. Kf7 a2 57. Kxg7 a1=Q+ 58. Kxh7 Kh3 59. Kg6 Kxh2 60. Kf7 Kg3 61. Ke6 Kf4 62. Kf7 Qa6 63.
Ke7 Qb6 64. Kf7 Qc6 65. Kg7 Qd6 66. Kf7 Kf5 67. Kg7 Qe6 68. Kh7 Kg4 69. Kg7 Kg5 70.
Kh7 Qg6+ 71. Kh8 Qf6+ 72. Kh7 Qe7+ 73. Kh8 Kg6 74. Kg8 Qd8# 0-1

[Event "Late-Titled-Tuesday-Blitz-June-04-2024"]
[Site "Chess.com"]
[Date "2024.06.04"]
[Round "11"]
[White "CMmauricio"]
[Black "aghasiyevkamal"]
[Result "1/2-1/2"]
[WhiteElo "2778"]
[BlackElo "2635"]
[TimeControl "180+1"]
[EndTime "16:07:08 PDT"]
[Termination "Game drawn by repetition"]

1. f4 d5 2. Nf3 g6 3. e3 Bg7 4. Be2 c5 5. O-O Nc6 6. d4 Nh6 7. c3 O-O 8. Ne5 Nxe5 9. fxe5 f6 10. exf6 exf6 11. dxc5 f5 12. Nd2 Qc7 13. Nb3 Be6 14.
Nd4 Bf7 15. b4 Kh8 16. Bd2 Ng8 17. Nb5 Qe7 18. Nd6 Nf6 19. Bf3 b6 20. Nxf7+ Rxf7 21. cxb6 axb6 22. a4 Raf8 23. a5 bxa5 24. Rxa5 Ne4 25.
Rxd5 Nxc3 26. Bxc3 Qxe3+ 27. Kh1 Qxc3 28. b5 Re7 29.
Qd3 Qb4 30. Qb1 Bb2 31. b6 Qxb6 32. Rd2 Bd4 33. Qd3 Be5 34. Re2 Qf6 35. Rfe1 Bd6 36. Rxe7 Bxe7 37. Qd7 Bd6 38. g3 Rf7 39. Qc6 Kg7 40.
Qd5 Re7 41. Rd1 Bc7 42. Bg2 Qe5 43. Qxe5+ Bxe5 44. Re1 h5 45. Bf3 Kf6 46. Kg2 Rh7 47.
Rb1 h4 48. gxh4 Rxh4 49. h3 Rd4 50. Re1 Rd2+ 51. Re2 Rd3 52. Rc2 Kg5 53. Re2 Kf4 54. Bb7 Rg3+ 55. Kh2 Bc7 56. Bg2 Kg5 57. Kg1 Rc3 58.
Ra2 Kh4 59. Ra4+ Kg3 60. Ra6 g5 61. Rc6 Rxc6 62. Bxc6 Kxh3 63. Bd7 Kg4 64. Kg2 Kf4 65. Bc8 g4 66. Bd7 Kg5 67. Bc8 f4 68. Bb7 Kf5 69.
Bc6 Ke5 70. Bd7 f3+ 71. Kg3 Ke4+ 72. Kxg4 f2 73. Bb5 Ke3 74. Kh3 Kf3 75. Bf1 Ke3 76.
Ba6 Kd2 77. Kg2 Ke1 78. Bf1 Kd2 79. Ba6 Ke1 80. Bf1 Kd2 81. Ba6 1/2-1/2

[Event "Late-Titled-Tuesday-Blitz-June-04-2024"]
[Site "Chess.com"]
[Date "2024.06.04"]
[Round "11"]
[White "Jospem"]
[Black "FairChess_on_YouTube"]
[Result "0-1"]
[WhiteElo "3036"]
[BlackElo "3094"]
[TimeControl "180+1"]
[EndTime "16:07:09 PDT"]
[Termination "FairChess_on_YouTube won on time"]

1. e4 c5 2. Nf3 Nc6 3. Bb5 Nf6 4.
Bxc6 dxc6 5. d3 Bg4 6. h3 Bh5 7. Qe2 Nd7 8. Nbd2 e5 9. Nc4 f6 10. a4 Be7 11. Ne3 Nf8 12. Nf5 Ne6 13. Be3 Qa5+ 14.
Kf1 Qc7 15. g4 Bf7 16. Rg1 Bf8 17. g5 O-O-O 18. gxf6 gxf6 19. Nh2 Kb8 20. Ng4 Be7 21.
Nxe7 Qxe7 22. Qf3 c4 23. Qxf6 Qxf6 24. Nxf6 cxd3 25. cxd3 Rxd3 26. Ng4 Rb3 27. Nxe5 Bh5 28. Rg3 Rxb2 29. a5 Rc8 30. Nd7+ Ka8 31. Nf6 Be2+ 32.
Kg1 c5 33. Rc1 c4 34. Nd5 Bd3 35. Nc3 Re8 36. f4 b5 37. axb6 axb6 38. f5 Nd8 39. Bf4 Kb7 40. f6 Ne6 41. Bd6 Kc6 42. f7 Ra8 43. Be7 b5 44. Rg8 Ra7 45. Nd5 Bxe4 46. Rc8+ Kxd5 47. Rd1+ Bd3 48. Rd8+ Ke4 49. Re1+ Re2 50.
Rxe2+ Bxe2 51. f8=Q Nxf8 52. Bxf8 c3 53. Rc8 Bc4 54.
Bh6 Kd3 55. Re8 Kc2 56. Bg7 b4 57. Bd4 Rd7 58. Bf6 Kb3 59. Re3 Rd3 60. Kf2 c2 61.
Re1 Rd1 62. Bg5 Kb2 63. Bf6+ Ka2 64. Bg5 Rxe1 65. Kxe1 Kb1 66. h4 c1=Q+ 0-1

[Event "Late-Titled-Tuesday-Blitz-June-04-2024"]
[Site "Chess.com"]
[Date "2024.06.04"]
[Round "11"]
[White "campochess"]
[Black "JaackCamel"]
[Result "1/2-1/2"]
[WhiteElo "2177"]
[BlackElo "2217"]
[TimeControl "180+1"]
[EndTime "16:07:09 PDT"]
[Termination "Game drawn by stalemate"]

1. d4 d5 2. Bg5 c5 3. dxc5 h6 4. Bf4 Nc6 5. Nf3 g5 6. Bd2 Bg7 7. c3 e5 8. Bc1 Nf6 9. Na3 O-O 10. g3 b6 11. cxb6 Qxb6 12. Bg2 e4 13. Nd4 Ng4 14. e3 Nce5 15. O-O Nd3 16. c4 Bxd4 17. exd4 Qxd4 18.
cxd5 Ngxf2 19. Rxf2 Qxf2+ 20. Kh1 Ne1 21. Qd2 e3 22. Qxf2 exf2 23. Be3 Bf5 24. Bxf2 Nxg2 25. Kxg2 Be4+ 26. Kg1 Bxd5 27. b3 a5 28. Nb5 Rfc8 29.
Nd6 Rc2 30. Nf5 Be6 31. Nd4 Rd2 32. Re1 a4 33. Nxe6 fxe6 34. Rxe6 Rxa2 35. bxa4 R8xa4 36. Rxh6 Kg7 37. Rd6 Rc2 38. h4 g4 39.
h5 Raa2 40. Bd4+ Kf7 41. Rf6+ Ke7 42. Rf2 Rxf2 43. Bxf2 Kf6 44. h6 Kg6 45. Be3 Re2 46. Bf4 Rc2 47. Kf1 Ra2 48. Kg1 Rc2 49. Kf1 Rh2 50.
Kg1 Rxh6 51. Bxh6 Kxh6 52. Kf2 Kg5 53. Ke3 Kf5 54. Kd4 Ke6 55. Ke4 Kf7 56. Kf5 Kg7 57.
Kxg4 Kg6 58. Kf4 Kf6 59. Kg4 Kg6 60. Kh3 Kg5 61. Kg2 Kg4 62. Kf2 Kg5 63. Kf3 Kf5 64. Ke3 Kg4 65. Kf2 Kg5 66. Kf3 Kf5 67.
g4+ Kg5 68. Kg3 Kg6 69. Kf4 Kf6 70. g5+ Kg6 71. Kg4 Kg7 72. Kf5 Kf7 73. g6+ Kg7 74. Kg5 Kg8 75. Kf6 Kf8 76. g7+ Kg8 77. Kg6 1/2-1/2

[Event "Late-Titled-Tuesday-Blitz-June-04-2024"]
[Site "Chess.com"]
[Date "2024.06.04"]
[Round "11"]
[White "shimastream"]
[Black "yaguigor"]
[Result "0-1"]
[WhiteElo "2943"]
[BlackElo "2626"]
[TimeControl "180+1"]
[EndTime "16:07:17 PDT"]
[Termination "yaguigor won by resignation"]

1. d4 d5 2. Bf4 Nf6 3. e3 c5 4. Nf3 Nc6 5. Nbd2 cxd4 6. exd4 Bf5 7. c3 e6 8. Qb3 Qc8 9. Nh4 Be4 10. f3 Bg6 11. g4 Be7 12. Bg3 a6 13. Be2 b5 14. a3 Na5 15. Qd1 Nc4 16. Nxc4 dxc4 17. Kf2 Nd5 18. Qd2 Qd8 19. Ng2 h5 20. h3 Bd6 21. Bxd6 Qxd6 22. Rae1 h4 23. f4 Be4 24. Bf3 Bxf3 25. Kxf3 g5 26. Re5 f6 27. Re4 Kd7 28.
Rhe1 Rae8 29. Qe2 Re7 30. Kf2 gxf4 31. Qf3 e5 32. dxe5 fxe5 33. Rd1 Kc6 34. Re2 Rd7 35. Red2 Qc5+ 36. Ke2 Rhd8 37. Qe4 Kb6 38. Qf5 e4 39.
Rd4 f3+ 40. Kf2 fxg2 41. Qxe4 Nc7 42. Kxg2 Rxd4 43. cxd4 Qd5 44. Qf3 Rf8 45. Qxd5 Nxd5 46. Re1 Nf4+ 47. Kh2 Nd3 48. Re6+ Ka5 49. g5 Rf7 50. g6 Nf4 51. d5 Nxe6 52. gxf7 Nf8 53. Kg2 Kb6 54. Kf3 Kc5 55. Ke4 Kd6 56. Kd4 Nd7 57.
Ke4 Kc5 58. Kf5 Kxd5 59. Kg5 Ke6 60. Kxh4 Kxf7 61. Kg5 Ke6 62. h4 Nf6 63. h5 Nxh5 64. Kxh5 Kf5 65. Kh4 Ke4 66. Kg5 Kd3 67. Kf4 Kc2 68.
a4 Kxb2 69. a5 c3 70. Ke5 c2 71. Kd5 c1=Q 0-1

[Event "Late-Titled-Tuesday-Blitz-June-04-2024"]
[Site "Chess.com"]
[Date "2024.06.04"]
[Round "11"]
[White "Cambek64"]
[Black "mfschulz"]
[Result "1-0"]
[WhiteElo "2497"]
[BlackElo "2240"]
[TimeControl "180+1"]
[EndTime "16:07:20 PDT"]
[Termination "Cambek64 won on time"]

1. b3 Nf6 2. Bb2 g6 3. Bxf6 exf6 4. d4 Bg7 5. e3 O-O 6. g3 f5 7. Bg2 c6 8. Ne2 d5 9. O-O Nd7 10. c4 Nf6 11. Nbc3 Ne4 12. Nxd5 cxd5 13. c5 Bd7 14.
Re1 a5 15. Nf4 Bb5 16. a3 Bh6 17. Nd3 Bxd3 18. Qxd3 Qd7 19. b4 axb4 20. axb4 Rfe8 21. b5 Bf8 22. b6 Qc6 23. Bf1 Ng5 24. Kg2 Qe6 25.
h4 Qe4+ 26. Qxe4 Nxe4 27. Bb5 Rec8 28. Ra7 Rxa7 29. bxa7 Ra8 30. Ra1 Nxc5 31. dxc5 Bxc5 32. Rd1 Rxa7 33. Rxd5 b6 34. h5 Kg7 35. Kf3 Re7 36. Bc4 Kf6 37. hxg6 fxg6 38. Ke2 h5 39. Bd3 Ra7 40.
Rd7 Ra2+ 41. Kf3 g5 42. Rd5 g4+ 43. Kg2 f4 44. Rf5+ Kg7 45. Rxf4 Bxe3 46. Rf5 Bc5 47. Kf1 Rd2 48. Be4 Rd4 49. Bc2 Rd2 50. Bb3 Kg6 51.
Rf4 Kg5 52. Rf7 Rd3 53. Be6 Rf3 54. Rxf3 gxf3 55. Bd7 h4 56. gxh4+ Kxh4 57. Kg1 Bd4 58. Kf1 Kg5 59. Kg1 Kf4 60. Kf1 Be5 61. Ke1 Bd6 62. Kd2 Bc5 63. Ke1 Bb4+ 64. Kf1 Bc3 65. Bc6 Bd4 66.
Kg1 1-0